Map: World of Sleepers LE

Players

SKillous - Winner!

  • Race: Protoss Protoss
  • League: Master
  • Spawn Location: 1:00

NoRegreT

  • Race: Zerg Zerg
  • League: Master
  • Spawn Location: 7:00

Event: NationWars 2019

VOD

Have the link to the VOD?

Description

Time

  • Played on: Nov. 15, 2019, 2:47 p.m.
  • Length: 9:38
Show
View Real Time Build Order
Export as new Build Order

SKillous Protoss - Winner!

Build Orders: 1 Gate Expand, Oracle Opening 

Get SALT Encoding   

  12  0:01  Probe  
  13  0:13  Probe  
  14  0:21  Pylon  
  14  0:25  Probe  
  15  0:39  Probe (Chrono Boost)  
  16  0:45  Gateway  
  16  0:49  Assimilator, Probe (Chrono Boost)  
  17  0:54  Probe (Chrono Boost)  
  18  1:05  Probe  
  19  1:17  Probe  
  20  1:25  Nexus  
  20  1:36  Cybernetics Core  
  20  1:39  Probe  
  21  1:46  Assimilator  
  21  1:51  Probe  
  22  1:55  Pylon  
  22  2:03  Probe  
  23  2:10  Adept (Chrono Boost)  
  23  2:15  Probe  
  26  2:23  Stargate  
  26  2:26  Warp Gate  
  26  2:27  Probe (Chrono Boost)  
  29  2:37  Adept  
  29  2:39  Probe x2 (Chrono Boost)  
  31  2:47  Probe x2 (Chrono Boost)  
  33  2:52  Probe (Chrono Boost)  
  34  2:59  Probe  
  34  3:04  Probe  
  34  3:05  Void Ray (Chrono Boost)  
  36  3:12  Probe  
  41  3:16  Pylon  
  41  3:17  Probe  
  42  3:24  Probe  
  43  3:27  Gateway  
  43  3:29  Probe  
  43  3:30  Assimilator  
  43  3:32  Assimilator  
  44  3:36  Probe  
  44  3:38  Oracle (Chrono Boost)  
  44  3:41  Probe  
  49  3:49  Probe  
  49  3:50  Pylon  
  49  3:55  Probe  
  51  3:58  Robotics Facility  
  51  4:01  Probe  
  52  4:05  Oracle (Chrono Boost)  
  52  4:07  Probe  
  56  4:13  Probe  
  57  4:19  Probe  
  57  4:20  Pylon  
  58  4:25  Probe  
  59  4:31  Probe  
  59  4:37  Probe  
  59  4:38  Pylon, Oracle  
  64  4:46  Observer (Chrono Boost)  
  64  4:49  Adept x2  
  69  5:00  Nexus  
  69  5:02  Pylon  
  69  5:04  Immortal (Chrono Boost)  
  73  5:10  Probe  
  73  5:11  Probe  
  73  5:14  Forge  
  75  5:15  Twilight Council, Sentry  
  75  5:18  Pylon  
  77  5:23  Probe (Chrono Boost)  
  77  5:24  Probe (Chrono Boost)  
  79  5:32  Sentry  
  79  5:33  Gateway x2  
  79  5:35  Probe (Chrono Boost)  
  83  5:40  Probe (Chrono Boost)  
  83  5:41  Sentry  
  84  5:43  Immortal  
  81  5:50  Probe, Protoss Ground Weapons Level 1 (Chrono Boost)  
  81  5:53  Probe  
  81  5:54  Pylon  
  83  6:02  Probe  
  83  6:03  Pylon  
  84  6:05  Probe  
  85  6:12  Pylon, Sentry  
  85  6:17  Probe (Chrono Boost)  
  90  6:19  Probe (Chrono Boost)  
  90  6:20  Probe (Chrono Boost)  
  90  6:22  Charge  
  90  6:25  Gateway x2  
  90  6:28  Immortal (Chrono Boost)  
  90  6:29  Probe (Chrono Boost)  
  93  6:40  Zealot x2, Shield Battery  
  93  6:41  Shield Battery  
  93  6:43  Zealot, Sentry  
  101  6:51  Shield Battery  
  101  6:54  Templar Archives  
  101  6:57  Gateway  
  101  6:59  Pylon  
  101  7:02  Warp Prism (Chrono Boost)  
  103  7:13  Gateway  
  103  7:14  Gateway  
  103  7:15  Gateway x2  
  103  7:17  Pylon  
  103  7:24  Stalker  
  103  7:29  Observer (Chrono Boost)  
  106  7:31  Photon Cannon  
  106  7:33  Pylon  
  106  7:37  Zealot x2  
  106  7:38  Zealot x3  
  106  7:43  Pylon  
  116  7:45  Pylon  
  116  7:53  Zealot x2  
  118  8:00  Zealot x5  
  114  8:06  Probe (Chrono Boost)  
  114  8:10  Probe x2 (Chrono Boost)  
  114  8:11  Zealot x4  
  111  8:20  High Templar  
  111  8:21  High Templar x3  
  111  8:22  High Templar x2  
  111  8:24  Warp Prism (Chrono Boost)  
  120  8:30  Zealot  
  120  8:32  Archon x2  
  120  8:33  Archon  
  124  8:35  Zealot  
  124  8:38  Zealot  
  128  8:45  Zealot x2  
  132  8:51  Zealot  
  126  9:02  Nexus  
  112  9:15  Zealot x3  
  112  9:16  Zealot x2  
  120  9:20  Probe  
  117  9:33  Zealot x4  
Show
View Real Time Build Order
Export as new Build Order

NoRegreT Zerg 

Build Orders: Hatch First 

Get SALT Encoding   

  12  0:01  Drone  
  13  0:12  Overlord  
  13  0:17  Drone  
  14  0:31  Drone x2  
  16  0:47  Hatchery  
  15  0:51  Drone  
  15  0:55  Drone  
  17  1:08  Spawning Pool  
  16  1:12  Extractor  
  16  1:13  Drone  
  16  1:21  Drone  
  17  1:27  Drone  
  17  1:29  Drone  
  19  1:39  Drone  
  20  1:56  Evolution Chamber, Drone  
  20  1:59  Hatchery  
  19  2:03  Drone  
  20  2:10  Queen  
  20  2:14  Drone  
  23  2:17  Drone  
  23  2:21  Zergling x2  
  25  2:27  Zerg Melee Weapons Level 1  
  25  2:32  Zergling x2  
  26  2:38  Queen  
  26  2:42  Extractor  
  26  2:43  Extractor  
  28  2:44  Overlord  
  28  2:52  Metabolic Boost  
  28  3:06  Drone x4  
  28  3:07  Drone x2  
  33  3:18  Drone x2  
  35  3:20  Queen  
  35  3:24  Drone x2  
  39  3:30  Drone  
  40  3:34  Overlord  
  40  3:36  Drone  
  40  3:40  Spore Crawler  
  40  3:41  Spore Crawler, Drone x2  
  41  3:49  Overlord  
  41  3:52  Spore Crawler  
  41  3:53  Drone  
  41  4:06  Overlord  
  41  4:08  Drone x8  
  49  4:10  Extractor  
  49  4:13  Drone  
  49  4:14  Unknown  
  48  4:17  Drone  
  48  4:19  Baneling Nest  
  48  4:20  Drone  
  48  4:23  Overlord  
  49  4:26  Zergling x2  
  49  4:27  Zergling x2  
  50  4:32  Drone x2  
  50  4:33  Drone  
  50  4:35  Drone x2  
  50  4:37  Drone  
  56  4:42  Overlord  
  55  4:45  Lair  
  55  4:47  Drone x2  
  55  4:51  Overlord  
  57  4:56  Overlord  
  57  4:57  Overlord  
  57  5:08  Overlord  
  57  5:09  Zergling x4  
  57  5:10  Zergling x4  
  57  5:11  Zergling x8  
  65  5:17  Zergling x2  
  65  5:19  Zergling x6  
  65  5:21  Zergling x2  
  70  5:26  Baneling x3, Zergling x2  
  70  5:27  Baneling x2  
  70  5:28  Zergling x2  
  72  5:30  Zergling x4  
  72  5:32  Overlord  
  72  5:35  Zergling x6  
  77  5:47  Zergling x6  
  75  5:52  Zergling x10, Hydralisk Den  
  79  5:59  Zergling x4  
  79  6:00  Zergling x2  
  79  6:03  Baneling  
  79  6:04  Baneling x6  
  79  6:05  Drone x2  
  79  6:06  Drone x2  
  79  6:08  Drone  
  79  6:10  Overlord  
  79  6:11  Overlord  
  80  6:18  Zergling x4  
  79  6:38  Hydralisk  
  79  6:39  Hydralisk x6, Muscular Augments  
  81  6:40  Hydralisk x4  
  81  6:42  Overlord  
  81  6:43  Hydralisk  
  101  6:54  Baneling x4  
  101  6:59  Hydralisk  
  101  7:01  Hatchery  
  101  7:04  Hydralisk  
  102  7:08  Hydralisk  
  102  7:09  Overlord  
  102  7:14  Hydralisk  
  106  7:17  Zergling x18  
  106  7:20  Zergling x4  
  106  7:21  Hydralisk  
  119  7:26  Hydralisk  
  118  7:30  Hydralisk  
  118  7:33  Baneling  
  118  7:35  Zergling x2  
  118  7:36  Zergling x6  
  124  7:39  Zergling x2  
  124  7:40  Zergling x2  
  124  7:42  Zergling x8  
  130  7:47  Zergling x2  
  130  7:48  Zergling x2  
  130  8:01  Zergling x2  
  116  8:07  Zergling x10  
  116  8:09  Zergling x12  
  116  8:10  Zergling x2  
  105  8:15  Hydralisk  
  94  8:22  Baneling x9  
  94  8:23  Zergling x4  
  94  8:25  Queen  
  94  8:26  Hydralisk  
  96  8:27  Hydralisk x2  
  96  8:32  Zergling x4  
  104  8:35  Zergling x2  
  104  8:38  Zergling x2  
  104  8:40  Zergling x2  
  107  8:43  Extractor  
  107  8:46  Zergling x2  
  107  8:47  Zergling x2  
  108  8:49  Zergling x2  
  108  8:50  Zergling x2  
  108  8:52  Zergling x2  
  95  8:55  Zergling x2  
  95  8:56  Zergling x2  
  95  8:58  Zergling x6  
  95  8:59  Zergling x2  
  95  9:00  Zergling x2  
  88  9:02  Zergling x2  
  88  9:07  Zergling x6  
  88  9:08  Zergling x2  
  88  9:09  Zergling x4  
  76  9:13  Hydralisk  
Tags
 
Add a new tag
Caveats
  • Supply blocks, unpowered buildings, or Contaminate may cause inaccurate times.
  • Supply counts are checked every 10 seconds.